 Dungeon Crawl Stone Soup version 0.30.0-3-ga4e48a9924 (webtiles) character file.

Game seed: 14319369455599844597

60 SnakkuSnakku7 the Slasher (level 4, -3/35 HPs)
             Began as a Merfolk Reaver on May 7, 2023.
             Slain by Terence
             ... wielding a +0 flail
              (10 damage)
             ... on level 2 of the Dungeon.
             The game lasted 00:01:58 (1410 turns).

SnakkuSnakku7 the Slasher (Merfolk Reaver)          Turns: 1410, Time: 00:01:58

Health: -3/35      AC:  3    Str: 12    XL:     4   Next: 4%
Magic:  7/7        EV: 12    Int: 12    God:
Gold:   179        SH:  0    Dex: 14    Spells: 6/7 levels left

rFire   . . .        a - +0 falchion
rCold   . . .        (no shield)
rNeg    . . .        b - +0 leather armour
rPois   .            (no helmet)
rElec   .            (no cloak)
rCorr   .            (no gloves)
SInv    .            (no boots)
Will    .....        (no amulet)
Stlth   +            (no ring)
HPRegen 0.25/turn    (no ring)
MPRegen 0.10/turn

%: no passive effects
@: no status effects
A: (nimble swimmer 2), mertail
a: no special abilities


You were on level 2 of the Dungeon.
You visited 1 branch of the dungeon, and saw 2 of its levels.

You collected 179 gold pieces.

Inventory:

Hand Weapons
 a - a +0 falchion (weapon)
Missiles
 f - 10 poisoned darts
 i - 5 javelins
Armour
 b - a +0 leather armour (worn)
Scrolls
 d - a scroll of teleportation {unknown}
 g - 2 scrolls of identify {unknown}
 j - a scroll of immolation {unknown}
 l - a scroll of magic mapping {unknown}
Potions
 c - 3 potions of curing {unknown}
 e - a potion of ambrosia {unknown}
 h - a potion of cancellation {unknown}
 k - a potion of mutation {unknown}
 m - a potion of invisibility {unknown}


   Skills:
 - Level 3.0 Fighting
 + Level 4.8 Long Blades
 + Level 1.5 Throwing
 - Level 2.6 Dodging
 - Level 2.0 Spellcasting
 - Level 2.4 Conjurations


You had 6 spell levels left.
You knew the following spells:

 Your Spells              Type           Power      Damage    Failure   Level
a - Kiss of Death         Conj/Necr      16%        2d6       22%         1

Your spell library contained the following spells:

 Spells                   Type           Power      Damage    Failure   Level
 Momentum Strike          Conj/Tloc      8%         3d8       32%         2
 Hailstorm                Conj/Ice       4%         3d4       54%         3


Dungeon Overview and Level Annotations

Branches:
Dungeon (2/15)

Altars:

Annotations:
D:2 Terence


Innate Abilities, Weirdness & Mutations

((You are very nimble when in or above water. (Stealth+, EV+, Speed+++)))
Your lower body shifts to a powerful aquatic tail in water.


Message History

You hit the worm.
The worm is heavily wounded.
The worm bites you but does no damage.
You hit the worm.
The worm is heavily wounded.
You hit the worm.
The worm is almost dead.
The worm bites you.
You barely miss the worm.
The worm is almost dead.
The worm bites you.
You hit the worm but do no damage.
The worm is severely wounded.
You hit the worm.
You kill the worm!
You have reached level 4!
m - a smoky emerald potion
Found 2 stones.
You see here 2 stones.
Found a stone staircase leading down.
You now have 179 gold pieces (gained 10).
There is a stone staircase leading down here.
Your legs become a tail as you enter the water.
You see here a +0 robe.
Found a stone staircase leading down.
Terence the Incautious comes into view.
He is wielding a +0 flail.
Terence is nearby!
A worm comes into view.
Terence hits you with a +0 flail! Terence attacks as you move away!
Terence closely misses you. Terence attacks as you move away!
Terence hits you with a +0 flail!
Terence screams, "I'm going to kill you!"
Okay, then.
Terence attacks as you move away! Terence hits you with a +0 flail!
* * * LOW HITPOINT WARNING * * *
Terence attacks as you move away! Terence barely misses you.
Terence attacks as you move away! Terence hits you with a +0 flail.
* * * LOW HITPOINT WARNING * * *
Terence attacks as you move away! Terence hits you with a +0 flail!
You die...

.. ...##########
.>...w......####
...##.#####....#
############## #. #.#
#..#.#####............#
# #.#
#.......[..##########.#
#.# ##......<......# #.#
#.# #...@...#####.# ##.#
#.#
#....@...####.#####~.#
#.#
###.................♣~♣#
.........).####....~P~~~
............# #...#♣~P~~
#####.#...#.# #....♣P~~♣
....##.##.####....~~~~~
##.......<...~)..~~~≈P
#..####...##~~~...~≈≈~
#.#...>....♣~~P...~~≈~


You could see Terence.

Vanquished Creatures
  An adder (D:2)
  2 worms (D:2)
  3 dart slugs
  5 ball pythons
  4 bats (D:1)
  An endoplasm (D:2)
  A giant cockroach (D:1)
  6 hobgoblins (D:1)
  3 quokkas
  A frilled lizard (D:1)
  6 goblins
  2 kobolds (D:1)
  3 rats (D:1)
38 creatures vanquished.

Vanquished Creatures (others)
  2 plants (D:2)
2 creatures vanquished.

Grand Total: 40 creatures vanquished

Notes
Turn   | Place    | Note
-------+----------+-------------------------------------------
     0 | D:1      | SnakkuSnakku7 the Merfolk Reaver began the quest for the
                  | Orb.
     0 | D:1      | Reached XP level 1. HP: 16/16 MP: 3/3
    84 | D:1      | Reached XP level 2. HP: 23/23 MP: 5/5
   192 | D:1      | Reached skill level 4 in Long Blades
   509 | D:1      | Reached XP level 3. HP: 29/29 MP: 6/6
   874 | D:2      | HP: 1/29 [worm (9)]
  1074 | D:2      | Reached skill level 1 in Throwing
  1237 | D:2      | Reached XP level 4. HP: 26/35 MP: 7/7
  1394 | D:2      | Noticed Terence
  1410 | D:2      | Slain by Terence

Illustrated notes

Levels and vault maps discovered:
D:1:      dpeg_arrival_morbid_curiosity, layout_loops_ring,
          dreamdust_wishing_well
D:2:      layout_loops_ring, serial_bayou_ford_a, uniq_jessica, uniq_terence

Skill      XL: |  1  2  3 |
---------------+----------+-----
Long Blades    | 4 |  4.8
Fighting       | 3 |  3.0
Throwing       | 1 |  1.5
Dodging        | |  2.6
Spellcasting   | |  2.0
Conjurations   | |  2.4

Action                     |  1- 3 |  4- 6 || total
---------------------------+-------+-------++-------
  Melee: Falchion          |   140 |       ||   140
         Tailslap          |     1 |       ||     1
 Armour: Leather armour    |    28 |       ||    28
  Dodge: Dodged            |   105 |     2 ||   107
